 Dungeon Crawl Stone Soup version 0.16-a0-1109-gda7d4ef (webtiles) character file.

2156 JacquesDerrida the Basher (level 8, -2/60 HPs)
             Began as a Demigod Skald on Oct 6, 2014.
             Slain by a crocodile (11 damage)
             ... on level 7 of the Dungeon.
             The game lasted 00:21:24 (4736 turns).

JacquesDerrida the Basher (Demigod Skald)           Turns: 4736, Time: 00:21:24

Health: -2/60      AC: 10    Str: 15    XL:     8   Next: 84%
Magic:  11/17      EV: 15    Int: 17    God:
Gold:   283        SH:  0    Dex: 21    Spells: 3 memorised, 3 levels left

rFire  . . .     SeeInvis .     D - +2 flail (holy)
rCold  . . .     Clarity  +     b - +0 leather armour
rNeg   . . .     SustAb   .     (no shield)
rPois  +         Gourm    .     (no helmet)
rElec  .         Spirit   .     g - +1 cloak {MR+}
rCorr  .         Warding  .     v - +0 pair of gloves (curse)
rMut   .         Stasis   .     (no boots)
MR     +....                    r - amulet of clarity
Stlth  ++........               l - ring of poison resistance
                                f - +4 ring of protection

@: very slightly contaminated, somewhat resistant to hostile enchantments,
unstealthy
A: agile 1, breathe flames 1, evolution 1
a: Breathe Fire


You were on level 7 of the Dungeon.
You were hungry.

You visited 1 branch of the dungeon, and saw 8 of its levels.
You also visited: Sewer.

You collected 309 gold pieces.
You spent 26 gold pieces at shops.

Inventory:

Hand weapons
 i - a +0 blowgun
 m - the +10 trident of Malaise {freeze, rPois Int+2, unknown}
   (You found it on level 5 of the Dungeon)

   It has been specially enchanted to freeze those struck by it, causing extra
   injury to most foes and up to double damage against particularly susceptible
   opponents.
   It can also slow down cold-blooded creatures.
   It affects your intelligence (+2).
   It protects you from poison.
 D - a +2 flail of holy wrath (weapon)
 E - a +1 mace of protection
Missiles
 p - 22 poisoned needles
 F - 5 javelins (quivered)
Armour
 b - a +0 leather armour (worn)
 g - a +1 cloak of magic resistance (worn)
 v - a cursed +0 pair of gloves (worn)
Magical devices
 o - a wand of fire (7)
 H - a wand of flame (17)
Comestibles
 a - 3 chunks of orc flesh
 d - 3 bread rations
 u - 6 meat rations
 w - 2 rotting chunks of ogre flesh
 z - 11 fruits
 C - a beef jerky
Scrolls
 e - 6 scrolls of identify
 h - 3 scrolls of remove curse
 j - a scroll of fear
 k - 2 scrolls of magic mapping
 t - 2 scrolls of immolation
Jewellery
 f - a +4 ring of protection (left hand)
 l - a ring of poison resistance (right hand)
 q - an uncursed ring of stealth
 r - an amulet of clarity (around neck)
 s - an uncursed ring of sustain abilities
Potions
 n - a potion of brilliance
 A - a potion of curing
 B - a potion of might
 G - a potion of agility
Books
 c - a book of Battle

   Spells                             Type                      Level
   *Infusion                          Charms                       1
   Shroud of Golubria                 Charms/Translocation         2
   Song of Slaying                    Charms                       2
   *Spectral Weapon                   Hexes/Charms                 3
   *Regeneration                      Charms/Necromancy            3
 x - a book of Transfigurations

   Spells                             Type                      Level
   Stoneskin                          Transmutation/Earth          2
   Ice Form                           Ice/Transmutation            4
   Statue Form                        Transmutation/Earth          6
   Hydra Form                         Transmutation                6
   Dragon Form                        Transmutation                7
 y - a Fen Folio

   Spells                             Type                      Level
   Corpse Rot                         Necromancy                   2
   Stone Arrow                        Conjuration/Earth            3
   Leda's Liquefaction                Hexes/Earth                  4
   Summon Forest                      Summoning/Translocation      5
   Hydra Form                         Transmutation                6
   Summon Hydra                       Summoning                    7


   Skills:
 - Level 1.7 Fighting
 + Level 9.6 Maces & Flails
 - Level 0.8 Armour
 + Level 4.5 Dodging
 - Level 1.7 Spellcasting
 - Level 3.1 Charms
 - Level 2.6 Necromancy


You had 3 spell levels left.
You knew the following spells:

 Your Spells              Type           Power        Failure   Level  Hunger
a - Infusion              Chrm           ##....       6%          1    #......
b - Spectral Weapon       Hex/Chrm       #.......     30%         3    ####...
r - Regeneration          Chrm/Necr      ##........   21%         3    ####...


Dungeon Overview and Level Annotations

Branches:
Dungeon (8/15)             Temple (0/1) D:7            Lair (0/8) D:8

Shops:
D:8 *


Innate Abilities, Weirdness & Mutations

You are agile. (Dex +2)
You can breathe flames.
You evolve.


Message History

The crocodile is heavily wounded.
The crocodile bites you.
* * * LOW HITPOINT WARNING * * *
There is a stone staircase leading up here.
The crocodile bites you but does no damage.
You climb upwards.
There is a stone staircase leading down here.
Drink which item? (? for menu, Esc to quit)
You feel better. The crocodile closely misses you.
Casting: Spectral Weapon
Confirm with . or Enter, or press ? or * to list all spells.
You miscast Spectral Weapon.
You are very lightly contaminated with residual magic.
Your hands glow momentarily.
The crocodile bites you!
* * * LOW HITPOINT WARNING * * *
Unknown command.
Casting: Spectral Weapon
Confirm with . or Enter, or press ? or * to list all spells.
You draw out your weapon's spirit!
The crocodile bites you!
You die...

..# #.# #.# #.# #.#
#.# ###.# #.#
##########
..#.####.###........#
..#.##..............#
..#.##..............#
..#.................#
................@...#
.............)(t....#
###.................#
..#...#....#........#
..+........#####.#.##
..#####....#####.#.#
.## ....##....#.#
.#######...##....#.#
...................#


You could see a crocodile and a friendly spectral flail of holy wrath.

Vanquished Creatures
  Eustachio (D:6)
  An orc warrior (D:8)
  3 ice beasts
  2 ogres
  A necrophage (D:6)
  A crocodile (D:8)
  Blork the orc (D:4)
  3 giant frogs
  3 killer bees (D:7)
  A yak skeleton (D:8)
  A troll skeleton (D:8)
  A goliath beetle (D:7)
  3 orc priests (D:5)
  6 hounds
  4 iguanas
  A jelly (D:7)
  A worker ant (D:5)
  An orc wizard (D:5)
  A crocodile zombie (D:7)
  A hound zombie (D:6)
  3 gnolls (D:3)
  A green rat (D:6)
  2 worms
  14 adders
  2 giant mites (D:6)
  An adder skeleton (D:4)
  6 giant geckos
  An ooze (D:1)
  11 orcs
  4 ball pythons (D:3)
  11 bats
  2 bat skeletons
  15 goblins
  7 hobgoblins
  5 jackals
  12 kobolds
  3 quokkas
  3 giant cockroaches
  A giant gecko skeleton (D:4)
  12 giant newts
  A giant spore (D:7)
  A jackal skeleton (D:3)
  An orc skeleton (D:5)
  17 rats
  A rat zombie (D:6)
  10 ballistomycetes (D:7)
184 creatures vanquished.

Vanquished Creatures (others)
  2 spectral weapons (D:7)
2 creatures vanquished.

Grand Total: 186 creatures vanquished

Notes
Turn   | Place    | Note
--------------------------------------------------------------
     0 | D:1      | JacquesDerrida, the Demigod Skald, began the quest for the Orb.
     0 | D:1      | Reached XP level 1. HP: 17/17 MP: 3/3
   276 | D:1      | Reached XP level 2. HP: 19/24 MP: 2/4
   481 | D:1      | Reached skill level 3 in Maces & Flails
   586 | D:2      | Found a deep blue altar of Sif Muna.
   877 | D:2      | Found a snail-covered altar of Cheibriados.
   878 | D:2      | Found a shimmering altar of Xom.
   935 | D:2      | Reached XP level 3. HP: 29/29 MP: 3/7
  1010 | D:2      | Learned a level 3 spell: Spectral Weapon
  1145 | D:3      | Reached skill level 4 in Maces & Flails
  1158 | D:3      | Reached XP level 4. HP: 27/36 MP: 1/9
  1581 | D:3      | Reached skill level 5 in Maces & Flails
  1581 | D:3      | Reached XP level 5. HP: 41/41 MP: 7/10
  1743 | D:4      | Noticed Blork the orc
  1754 | D:4      | Killed Blork the orc
  1829 | D:4      | Learned a level 3 spell: Regeneration
  2148 | D:5      | Entered Level 5 of the Dungeon
  2285 | D:5      | Reached XP level 6. HP: 39/48 MP: 6/13
  2331 | D:5      | Noticed an ogre
  2341 | D:5      | Killed an ogre
  2341 | D:5      | Reached skill level 6 in Maces & Flails
  2458 | D:5      | Found a blossoming altar of Fedhas.
  2537 | D:5      | Reached skill level 1 in Necromancy
  2584 | D:5      | Got a transparent trident
  2730 | D:5      | Reached XP level 7. HP: 30/53 MP: 4/15
  2950 | D:6      | Noticed Eustachio
  2959 | D:6      | Killed Eustachio
  2959 | D:6      | Reached skill level 7 in Maces & Flails
  3096 | D:6      | Found a basalt altar of Yredelemnul.
  3318 | D:6      | Found a glowing drain.
  3325 | Sewer    | Entered a sewer
  3663 | D:6      | Reached skill level 1 in Dodging
  3746 | D:7      | Reached skill level 8 in Maces & Flails
  3806 | D:6      | Gained mutation: You can breathe flames. [potion of beneficial mutation]
  3810 | D:6      | Gained mutation: Your mind is acute. (Int +2) [potion of mutation]
  3810 | D:6      | Gained mutation: You evolve. [potion of mutation]
  3810 | D:6      | Gained mutation: You are agile. (Dex +2) [potion of mutation]
  3950 | D:7      | Lost mutation: Your mind is acute. (Int +2) [evolution]
  4016 | D:7      | Reached XP level 8. HP: 60/60 MP: 14/17
  4294 | D:7      | Found a staircase to the Ecumenical Temple.
  4327 | D:7      | Reached skill level 9 in Maces & Flails
  4458 | D:8      | Found a white marble altar of Elyvilon.
  4654 | D:8      | Found Wupt's Assorted Antiques.
  4664 | D:8      | Bought a cyan potion for 26 gold pieces
  4695 | D:8      | Found a staircase to the Lair.
  4695 | D:8      | Noticed an elephant
  4736 | D:7      | Slain by a crocodile

Action                   |  1- 3 |  4- 6 |  7- 9 || total
-------------------------+-------+-------+-------++-------
Melee: Mace              |   131 |    72 |       ||   203
       Flail             |       |    95 |   313 ||   408
 Fire: Blowgun           |       |       |     4 ||     4
 Cast: Infusion          |     9 |    10 |     3 ||    22
       Spectral Weapon   |     2 |     9 |    26 ||    37
       Regeneration      |       |     3 |     4 ||     7
 Abil: Breathe Fire      |       |       |     1 ||     1
Evoke: Wand              |       |       |     2 ||     2
  Use: Potion            |       |     5 |    11 ||    16
       Scroll            |       |     1 |    12 ||    13
 Stab: Distracted        |       |       |     1 ||     1
       Fleeing           |       |       |     1 ||     1
  Eat: Chunk             |     1 |     8 |     9 ||    18
       Fruit             |       |       |     4 ||     4
